 Dungeon Crawl Stone Soup version 0.32-a0-391-gce5c0aab1b (webtiles) character file.

Game seed: 748478537284573881

11 Bravepunisher the Ducker (level 2, -2/12 (16) HPs)
             Began as a Spriggan Monk on Feb 19, 2024.
             Slain by an orc
             ... wielding a +0 club
              (3 damage)
             ... on level 5 of the Dungeon.
             The game lasted 00:02:29 (565 turns).

Bravepunisher the Ducker (Spriggan Monk)             Turns: 565, Time: 00:02:29

HP:   -2/12 (16)    AC:  2    Str:  7    XL:     2   Next: 13%
MP:   3/3           EV: 19    Int: 11    God:
Gold: 0             SH:  0    Dex: 17    Spells: 1/1 levels left

rFire   . . .        a - +0 short sword
rCold   . . .        (no shield)
rNeg    . . .        b - +0 robe
rPois   .            (helmet restricted)
rElec   .            (no cloak)
rCorr   .            (gloves unavailable)
SInv    +            (boots unavailable)
Will    .....        (no amulet)
Stlth   ++           (no ring)
HPRegen 0.22/turn    (no ring)
MPRegen 0.08/turn

%: no passive effects
@: very heavily drained, very quick
A: very small, no large weapons, unfitting armour, see invisible, speed 3
a: no special abilities


You were on level 5 of the Dungeon.
You visited 1 branch of the dungeon, and saw 5 of its levels.

Inventory:

Hand Weapons
 a - a +0 short sword (weapon)
Armour
 b - a +0 robe (worn)
Scrolls
 d - 2 scrolls of teleportation {unknown}
 e - a scroll of amnesia {unknown}
Potions
 c - a potion of ambrosia


   Skills:
 + Level 2.6 Fighting
 - Level 3.2 Short Blades
 * Level 4.6 Dodging


You had one spell level left.
You didn't know any spells.
Your spell library was empty.

Dungeon Overview and Level Annotations

Branches:
Dungeon (5/15)
 Temple: D:4-7

Altars:

Shops:
D:4 [[:

Annotations:
D:5 3 runed translucent doors, cforsyth's ghost, novice DjFE


Innate Abilities, Weirdness & Mutations

You are very small and have problems with some larger weapons.
You are too small for most types of armour.
You have supernaturally acute eyesight. (SInv)
You cover ground extremely quickly. (Speed+++)


Message History

The orc hits you but does no damage. The orc closely misses you.
The orc hits you with a +0 flail of draining!
Ouch! That really hurt!
You feel drained.
You hit the orc but do no damage.
The orc is moderately wounded.
The orc hits you with a +0 club. The orc closely misses you.
The orc misses you.
You hit the orc but do no damage.
The orc is moderately wounded.
The orc misses you. The orc barely misses you.
The orc hits you but does no damage.
You hit the orc.
The orc is almost dead.
The orc completely misses you. The orc closely misses you. x2
You hit the orc but do no damage.
The orc is almost dead.
The orc barely misses you. The orc misses you.
The orc hits you but does no damage.
You feel drained.
You hit the orc but do no damage.
The orc is almost dead.
You barely miss the orc.
The orc is almost dead.
The orc barely misses you. The orc closely misses you.
The orc barely misses you.
You hit the orc but do no damage.
The orc is almost dead.
The orc completely misses you. The orc misses you. x2
You barely miss the orc.
The orc is almost dead.
The hound pauses to sniff the ground.
The orc misses you.
The orc hits you from afar with a +0 trident.
The orc hits you with a +0 flail of draining.
* * * LOW HITPOINT WARNING * * *
You feel drained.
You barely miss the orc.
The orc is almost dead.
The orc hits you with a +0 club.
You die...

#######.. #.......# ##.......#
.##.......# ###### ##.##.!.(...#
#.ohh# ... #.......####@##.#
.####..B.......#o##.#### #######
...............oos.....###....>##
.####......#.....#####....####...
.# #......#.....# #......##.## .#
#......#.....# #.#h##.##S# .#
#......#....## #.#.##.##.# .#
######ß.#.... #.s..#....## .#
.....#..# ##h..####h..


You could see a scorpion, 2 hounds and 4 orcs.

Vanquished Creatures
  3 endoplasms
  A quokka (D:1)
  A bat (D:3)
  A rat (D:1)
6 creatures vanquished.

Notes
Turn   | Place    | Note
-------+----------+-------------------------------------------
     0 | D:1      | Bravepunisher the Spriggan Monk began the quest for the
                  | Orb.
     0 | D:1      | Reached XP level 1. HP: 11/11 MP: 2/2
   209 | D:3      | Reached XP level 2. HP: 14/16 MP: 3/3
   248 | D:4      | Found Ladez's Antique Armour Shop.
   250 | D:4      | Noticed a phantom
   264 | D:5      | Entered Level 5 of the Dungeon
   271 | D:5      | Found a runed translucent gate.
   271 | D:5      | Noticed a black bear
   271 | D:5      | Noticed cforsyth's ghost (novice DjFE)
   272 | D:5      | Found a runed translucent gate.
   272 | D:5      | Identified the +6 spear "Peghukh" {vamp, rPois}
   274 | D:5      | Found a runed translucent gate.
   287 | D:5      | Noticed a bombardier beetle
   346 | D:4      | Found Wuylab's Armour Shoppe.
   358 | D:4      | Found Ephobok's Book Emporium.
   414 | D:4      | Noticed an ogre
   468 | D:4      | Noticed an ogre
   502 | D:5      | Noticed a howler monkey
   502 | D:5      | Noticed a water moccasin
   510 | D:5      | Noticed a black bear
   519 | D:5      | Noticed a scorpion
   565 | D:5      | Slain by an orc

Illustrated notes

Levels and vault maps discovered:
D:1:      minmay_arrival_radiant_lines, layout_loops_ring,
          chequers_ecumenical_altar_simple_redux
D:2:      layout_basic, grunt_ministairs_4, minmay_hexomino_p4
D:3:      layout_loops_ring, mainiacjoe_overflow_paths,
          cheibrodos_ashenzari_chains, portal_sewer_entry_c,
          chequers_serial_rivers_micro_b
D:4:      layout_rooms, elyvilon_altar_4, serial_shops, nicolae_shop_stone,
          nicolae_shop_overgrown_old_shop, nicolae_shop_hallway_plus,
          minmay_ogre_servants
D:5:      layout_basic, amethyst_overflow_temple_binary,
          biasface_ghost_orc_armoury, kennysheep_pointless_box

Action                     || total
---------------------------++-------
  Melee: Short sword       ||    37
 Armour: Robe              ||    24
  Dodge: Dodged            ||    66

Table legend: (Time is in decaauts)
 A = Elapsed time spent in this place.
 B = Non-inter-level travel time spent in this place.
 C = Inter-level travel time spent in this place.
 D = Time resting spent in this place.
 E = Time spent auto-exploring this place.
 F = Levels seen in this place.
 G = Mean time per level.
                   A        B        C        D        E       F      G
               +--------+--------+--------+--------+--------+-----+--------+
         Total |    366 |    366 |      0 |      0 |     79 |   5 |   73.2 |
       Dungeon |    366 |    366 |      0 |      0 |     79 |   5 |   73.2 |
               +--------+--------+--------+--------+--------+-----+--------+

Top non-repeatable levels by time:
     D:4: 110 daAuts
     D:5: 86 daAuts
     D:1: 64 daAuts
     D:2: 61 daAuts
     D:3: 43 daAuts
